 Dungeon Crawl Stone Soup version 0.27-a0-1137-g3ef0f4ec91 (webtiles) character file.

Game seed: 15857394959229344921

2131 leviel the Cleaver (level 9, -7/81 HPs)
             Began as a Minotaur Monk on May 6, 2021.
             Killed from afar by an electric eel (12 damage)
             ... with a bolt of electricity
             ... on level 7 of the Dungeon.
             The game lasted 00:11:13 (8505 turns).

leviel the Cleaver (Minotaur Monk)                  Turns: 8505, Time: 00:11:14

Health: -7/81      AC: 14    Str: 18    XL:     9   Next: 9%
Magic:  8/8        EV:  5    Int:  7    God:
Gold:   399        SH:  9    Dex: 14    Spells: 8/8 levels left

rFire    . . .     SeeInvis .   a - +0 hand axe
rCold    . . .     Faith    .   q - +0 kite shield
rNeg     . . .     Spirit   .   j - +0 plate armour
rPois    .         Reflect  .   (helmet restricted)
rElec    .         Harm     .   (no cloak)
rCorr    .         Rampage  .   (no gloves)
Will     .....                  k - +0 pair of boots
Stlth    ..........             (no amulet)
HPRegen  0.23/turn              (no ring)
MPRegen  0.11/turn              (no ring)

@: no status effects
A: horns 2, retaliatory headbutt
a: no special abilities


You were on level 7 of the Dungeon.
You visited 1 branch of the dungeon, and saw 7 of its levels.

You collected 399 gold pieces.

Inventory:

Hand Weapons
 a - a +0 hand axe (weapon)
Missiles
 m - 3 curare-tipped darts (quivered)
 o - a throwing net
Armour
 j - a +0 plate armour (worn)
 k - a +0 pair of boots (worn)
 q - a +0 kite shield (worn)
Jewellery
 r - an amulet of reflection
 u - a ring of see invisible
Scrolls
 b - a scroll of enchant weapon {unknown}
 c - 2 scrolls of teleportation {unknown}
 e - 3 scrolls of immolation {unknown}
 i - a scroll of enchant armour {unknown}
 n - a scroll of holy word {unknown}
 s - a scroll of fog {unknown}
 t - 2 scrolls of blinking {unknown}
 v - 2 scrolls of identify {unknown}
Potions
 d - a potion of invisibility {unknown}
 f - a potion of lignification {unknown}
 g - 2 potions of curing {unknown}
 h - a potion of brilliance {unknown}
 l - a potion of attraction {unknown}
 p - a potion of might


   Skills:
 * Level 8.1 Fighting
 + Level 8.9 Axes
 + Level 0.2 Throwing
 + Level 7.6 Armour
 + Level 4.8 Dodging
 - Level 1.5 Stealth
 + Level 3.2 Shields


You had 8 spell levels left.
You didn't know any spells.
Your spell library contained the following spells:

 Spells                   Type           Power      Damage    Failure   Level
 Magic Dart               Conj           0%         1d3       100%        1
 Blink                    Tloc           N/A        N/A       100%        2
 Call Imp                 Summ           0%         N/A       100%        2
 Slow                     Hex            0%         N/A       100%        2
 Confusing Touch          Hex            0%         N/A       100%        3
 Conjure Flame            Conj/Fire      0%         6-21      100%        3
 Gell's Gravitas          Tloc           0%         N/A       100%        3
 Mephitic Cloud           Conj/Pois/Air  0%         N/A       100%        3
 Petrify                  Tmut/Erth      0%         N/A       100%        4
 Metabolic Englaciation   Hex/Ice        0%         N/A       100%        5
 Yara's Violent Unravell  Hex/Tmut       0%         3d3       100%        5


Dungeon Overview and Level Annotations

Branches:
Dungeon (7/15)
 Temple: D:4-7

Altars:
Ashenzari
Cheibriados
Fedhas
Kikubaaqudgha
Okawaru


Innate Abilities, Weirdness & Mutations

You have a pair of horns on your head.
You reflexively headbutt those who attack you in melee.


Message History

The bolt of electricity hits you!
The electric eel shoots out a bolt of lightning at you!
The bolt of electricity hits the electric eel.
The electric eel completely resists.
The bolt of electricity misses you.
You completely miss the electric eel. You hit the plant.
The electric eel shoots out a bolt of lightning at you!
The bolt of electricity hits you.
You hit the electric eel. Your headbutt misses the electric eel.
The electric eel is moderately wounded.
You hit the plant. You closely miss the electric eel.
The electric eel is moderately wounded.
You slash the plant!
A nearby plant withers and dies.
The electric eel shoots out a bolt of lightning at you!
The bolt of electricity hits you!
The electric eel shoots out a bolt of lightning at you!
The bolt of electricity hits the electric eel.
The electric eel completely resists.
The bolt of electricity misses you.
You closely miss the electric eel.
The electric eel is moderately wounded.
The electric eel shoots out a bolt of lightning at you!
The bolt of electricity hits you.
The electric eel shoots out a bolt of lightning at you!
The bolt of electricity hits the electric eel.
The electric eel completely resists.
The bolt of electricity hits you!
The electric eel shoots out a bolt of lightning at you!
The bolt of electricity hits you!
The electric eel shoots out a bolt of lightning at you!
The bolt of electricity hits the electric eel.
The electric eel completely resists.
The bolt of electricity hits you!
* * * LOW HITPOINT WARNING * * *
The electric eel shoots out a bolt of lightning at you!
The bolt of electricity hits you.
* * * LOW HITPOINT WARNING * * *
The electric eel shoots out a bolt of lightning at you!
The bolt of electricity hits you!
* * * LOW HITPOINT WARNING * * *
The electric eel shoots out a bolt of lightning at you!
The bolt of electricity hits you!
You die...

≈≈P##....##.#
≈≈≈≈P....##.#
♣≈..(#...#.#
♣≈...)...#.# .#
#(....##.#
#.#[..##.#
###....#.###
#...<#...##
#../@#....# ≈
#.........#≈≈≈
##......≈.≈≈≈≈
#.....≈.;≈≈≈P
#......;≈≈≈P≈
.......≈≈P≈≈P≈≈
..≈P.≈P≈≈≈≈≈≈≈..
≈≈.≈≈≈≈≈≈≈≈≈....
P≈≈≈≈≈≈≈≈≈≈P≈≈..


You could see 2 electric eels.

Vanquished Creatures
  A troll (D:7)
  A hornet (D:6)
  A wyvern (D:4)
  A steam dragon (D:6)
  A water moccasin (D:6)
  A sky beast (D:6)
  2 black bears (D:6)
  2 ogres
  A centaur (D:5)
  A phantom (D:6)
  A bullfrog (D:7)
  2 scorpions
  A centaur zombie (D:5)
  3 hounds
  An orc priest (D:4)
  A jelly (D:6)
  A bullfrog skeleton (D:5)
  A scorpion zombie (D:2)
  Natasha (thrice) (D:2)
  An iguana (D:6)
  Terence (D:2)
  A hound skeleton (D:4)
  Robin (D:2)
  4 gnolls (D:4)
  4 adders
  A howler monkey skeleton (D:7)
  A dart slug (D:2)
  11 orcs
  9 bats
  11 endoplasms
  2 giant cockroaches
  16 goblins
  6 hobgoblins
  3 jackals (D:1)
  5 kobolds
  2 quokkas
  6 ball pythons
  11 frilled lizards
  4 rats
126 creatures vanquished.

Vanquished Creatures (others)
  22 plants
  5 toadstools (D:1)
27 creatures vanquished.

Grand Total: 153 creatures vanquished

Notes
Turn   | Place    | Note
-------+----------+-------------------------------------------
     0 | D:1      | leviel the Minotaur Monk began the quest for the Orb.
     0 | D:1      | Reached XP level 1. HP: 19/19 MP: 0/0
   589 | D:1      | Reached XP level 2. HP: 18/27 MP: 1/1
  1328 | D:2      | Noticed Terence
  1336 | D:2      | Reached XP level 3. HP: 16/33 MP: 2/2
  1341 | D:2      | Killed Terence
  1342 | D:2      | Reached skill level 1 in Armour
  1716 | D:2      | Noticed Robin
  1993 | D:2      | Killed Robin
  1994 | D:2      | Reached XP level 4. HP: 16/41 MP: 3/3
  2341 | D:2      | Noticed Natasha
  2346 | D:2      | Killed Natasha
  2639 | D:2      | Noticed Natasha
  2646 | D:2      | Killed Natasha
  2647 | D:2      | Reached XP level 5. HP: 32/47 MP: 4/4
  2648 | D:2      | Noticed Natasha
  2659 | D:2      | Killed Natasha
  2660 | D:2      | Reached skill level 5 in Axes
  3060 | D:2      | Found a blossoming altar of Fedhas.
  3516 | D:3      | Reached skill level 5 in Fighting
  3756 | D:3      | Found an ancient bone altar of Kikubaaqudgha.
  4210 | D:4      | Reached XP level 6. HP: 56/56 MP: 5/5
  4578 | D:4      | Noticed a wyvern
  4589 | D:4      | Killed a wyvern
  4850 | D:4      | Reached XP level 7. HP: 53/62 MP: 6/6
  5695 | D:5      | Entered Level 5 of the Dungeon
  5842 | D:5      | Found a broken altar of Ashenzari.
  6166 | D:5      | Found an iron altar of Okawaru.
  6486 | D:5      | Found a snail-covered altar of Cheibriados.
  6711 | D:6      | Reached skill level 5 in Armour
  6721 | D:6      | Reached skill level 1 in Shields
  6892 | D:6      | Reached XP level 8. HP: 61/71 MP: 7/7
  6982 | D:6      | Noticed a hornet
  6989 | D:6      | Killed a hornet
  7879 | D:7      | Noticed a troll
  7888 | D:7      | Killed a troll
  7889 | D:7      | Reached XP level 9. HP: 34/81 MP: 8/8
  8505 | D:7      | Killed from afar by an electric eel

Illustrated notes

Levels and vault maps discovered:
D:1:      evilmike_arrival_fibonacci_small, layout_loops_ring,
          minmay_gold_behind_fungi, minmay_lizard_king
D:2:      layout_basic, basic_altar, dk_noncrumbling_4, uniq_terence,
          uniq_natasha, uniq_robin
D:3:      layout_loops_ring, kiku_gazebo_pond_becter,
          corexii_item_surrounded_by_moat, minivault_11
D:4:      layout_layer_cave, hex_medium
D:5:      layout_loops_corners, lemuel_coloured_pillars_altar, kennysheep_mini,
          lemuel_crystal_altar, minmay_misc_feat_room, serial_bayou_lake_a
D:6:      layout_rooms
D:7:      layout_basic, minmay_temple_entry_waves, chequers_big_river,
          serial_bayou_pond_c

Skill      XL: |  1  2  3  4  5  6  7  8 |
---------------+-------------------------+-----
Axes           | 4 5 6 7 8 |  8.9
Fighting       | 4 5 6 8 |  8.1
Armour         | 1 2 3 4 5 7 |  7.6
Dodging        | 4 |  4.8
Shields        | 1 3 |  3.2
Throwing       | |  0.2
Stealth        | |  1.5

Action                   |  1- 3 |  4- 6 |  7- 9 || total
-------------------------+-------+-------+-------++-------
Melee: Hand axe          |    82 |   150 |   158 ||   390
       Headbutt          |    10 |    38 |    43 ||    91
Throw: Dart              |       |       |     3 ||     3
  Use: Potion            |     1 |       |     1 ||     2
 Stab: Sleeping          |     2 |       |       ||     2
Armor: Leather armour    |    31 |     4 |       ||    35
       Robe              |     2 |       |       ||     2
       Plate armour      |       |    83 |   140 ||   223
Dodge: Dodged            |    72 |    65 |    37 ||   174
Block: Kite shield       |       |       |    49 ||    49

Table legend: (Time is in decaauts)
 A = Elapsed time spent in this place.
 B = Non-inter-level travel time spent in this place.
 C = Inter-level travel time spent in this place.
 D = Time resting spent in this place.
 E = Time spent auto-exploring this place.
 F = Levels seen in this place.
 G = Mean time per level.
                   A        B        C        D        E       F      G
               +--------+--------+--------+--------+--------+-----+--------+
         Total |   8569 |   8342 |    227 |   2683 |   4790 |   7 | 1224.1 |
       Dungeon |   8569 |   8342 |    227 |   2683 |   4790 |   7 | 1224.1 |
               +--------+--------+--------+--------+--------+-----+--------+

Top non-repeatable levels by time:
     D:1: 1992 daAuts
     D:4: 1525 daAuts
     D:6: 1511 daAuts
     D:2: 1447 daAuts
     D:5: 895 daAuts
     D:3: 750 daAuts
     D:7: 447 daAuts
